cohdb
Replays
Latest Replays
All Replays
Popular Replays
Top Player Replays
Match Explorer
How It Works
Community
CoH3 Stats
Reddit
Sign in to upload your games and track your stats! →
Sign in with Steam
Match 44075104
Unlisted
Match 44075104
Overview
Messages
Build Orders
End
Engineer Squad
Construct Barracks
1⁄4-ton 4x4 Truck
Riflemen Squad
Riflemen Squad
Riflemen Squad
Infantry Support Center
Grenade Package
Construct Motor Pool
M1 Anti-tank Gun Team
Mortar Pit
M1 Anti-tank Gun Team
Advanced Logistics
Construct Medical Station
Selects Armored Battlegroup
Selects Strength in Steel
Selects Veteran Crews
Selects M31 Recovery Vehicle
Selects War Machine
Survival Training
M1918 Browning Automatic Rifles
M31 Recovery Vehicle
Construct Tank Depot
Selects M8 Scott SPG
Selects UNKNOWN (2160077)
M4A3E8 Sherman Easy Eight
M1 Mortar Team
M4A3E8 Sherman Easy Eight
Riflemen Squad
M4A3E8 Sherman Easy Eight
Engineer Squad
M4A3E8 Sherman Easy Eight
Riflemen Squad
dan legend
Juniorko
BERKSHIRE10
W呆橘子W
Erwin
柠檬冰茶
湫
lazhadeg
0
0
Comments
sign in to comment!
No comments posted yet!